 Dungeon Crawl Stone Soup version 0.31-a0-313-g785cd24033 (webtiles) character file.

Game seed: 18259665794038041975

2814 Gargoyl the Cleaver (level 9, -1/57 HPs)
             Began as a Gargoyle Berserker on July 17, 2023.
             Was a Priest of Trog.
             Killed from afar by a white imp (5 damage)
             ... with a puff of frost
             ... on level 7 of the Dungeon.
             The game lasted 00:09:05 (6372 turns).

Gargoyl the Cleaver (Gargoyle Berserker)            Turns: 6372, Time: 00:09:06

Health: -1/57      AC: 18    Str: 24    XL:     9   Next: 72%
Magic:  9/9        EV: 11    Int:  8    God:    Trog [***...]
Gold:   245        SH:  4    Dex: 13    Spells: 8/8 levels left

rFire   . . .        o - +1 long sword (holy)
rCold   + . .        (no shield)
rNeg    + + +        n - +0 scale mail "Caref" {rN+ Will+}
rPois   ∞            j - +0 helmet
rElec   +            (no cloak)
rCorr   .            (no gloves)
SInv    .            u - +2 pair of boots
Will    ++...        (no amulet) Stlth
                     k - ring of Wumas {rN+ Will+ Str+3}
HPRegen 0.29/turn    q - ring of protection from cold
MPRegen 0.11/turn

%: clarity
@: on berserk cooldown, flying, slowed, very slow
A: sickness immunity, AC +6, negative energy resistance 1, electricity
resistance, torment resistance 1, petrification resistance, big wings, large
bone plates 1, clarity
a: Renounce Religion, Berserk, Trog's Hand


You were on level 7 of the Dungeon.
You worshipped Trog.
Trog was most pleased with you.
You visited 1 branch of the dungeon, and saw 7 of its levels.

You collected 278 gold pieces.
You spent 33 gold pieces at shops.

Inventory:

Hand Weapons
 a - a +1 hand axe
 o - a +1 long sword of holy wrath (weapon)
Missiles
 e - 12 poisoned darts (quivered)
 f - 2 throwing nets
Armour
 j - a +0 helmet (worn)
 n - the +0 scale mail "Caref" (worn) {rN+ Will+}
   (You found it on level 6 of the Dungeon)

   rN:        It protects you from negative energy.
   Will:      It increases your willpower.
 u - a +2 pair of boots (worn)
Jewellery
 g - a ring of willpower
 k - the ring of Wumas (left hand) {rN+ Will+ Str+3}
   (You found it on level 3 of the Dungeon)

   [ring of positive energy]

   Str:       It affects your strength (+3).
   rN:        It protects you from negative energy.
   Will:      It increases your willpower.
 q - a ring of protection from cold (right hand)
Wands
 c - a wand of mindburst (3)
 p - a wand of iceblast (4)
Scrolls
 h - a scroll of teleportation
 m - a scroll of identify
Potions
 b - a potion of resistance
 d - 2 potions of haste
 i - 2 potions of heal wounds
 l - a potion of invisibility
 r - a potion of curing {unknown}
 s - a potion of degeneration {unknown}
 t - 2 potions of attraction {unknown}


   Skills:
 + Level 7.5 Fighting
 + Level 1.6 Long Blades
 + Level 8.4 Axes
 + Level 6.7 Armour
 + Level 2.9 Dodging
 + Level 1.5 Stealth
 + Level 2.7 Shields


You had 8 spell levels left.
You didn't know any spells.
Your spell library was empty.

Dungeon Overview and Level Annotations

Branches:
Dungeon (7/15)             Temple (0/1) D:6

Altars:
Cheibriados
Fedhas
Hepliaklqana
Nemelex Xobeh
Ru
Wu Jian
Zin

Shops:
D:2 ?


Innate Abilities, Weirdness & Mutations

You are immune to sickness and miasma.
Your stone body is resilient. (AC +6)
You are immune to poison.
You resist negative energy. (rN+)
You are resistant to electric shocks. (rElec)
You are resistant to unholy torment.
You are immune to petrification.
Your large and strong wings let you fly.
You are partially covered in large bone plates. (SH +4)
You possess an exceptional clarity of mind.


Message History

The green ugly thing is severely wounded.
The wyvern barely misses you.
The green ugly thing closely misses you.
You slash the green ugly thing!
The green ugly thing is almost dead.
The wyvern bites you but does no damage.
The green ugly thing bites you but does no damage.
The wyvern bites you!
You hit the green ugly thing.
The green ugly thing is almost dead.
The wyvern bites you but does no damage.
The green ugly thing closely misses you.
Unknown command.
You slice the green ugly thing!!
You kill the green ugly thing!
Trog accepts your kill.
You are no longer berserk.
You are exhausted.
You feel yourself slow down. The wyvern closely misses you.
Your Long Blades skill increases to level 1!
You hit the white imp but do no damage.
The wyvern bites you but does no damage.
The wyvern bites you!
* * * LOW HITPOINT WARNING * * *
The white imp barely misses you. The wyvern closely misses you.
The white imp barely misses you.
You hit the white imp.
The white imp convulses.
The white imp is moderately wounded.
The wyvern bites you!
* * * LOW HITPOINT WARNING * * *
The wyvern bites you but does no damage.
The white imp hits you.
* * * LOW HITPOINT WARNING * * *
The white imp freezes you. You resist.
* * * LOW HITPOINT WARNING * * *
The wyvern hisses menacingly.
The wyvern completely misses you. The white imp gestures at you.
The puff of frost hits you. You resist.
You die...

#.......#########.# #.#...(.#.#
#.##.##.#########.####..(.[....#
.....................#.#.....#...
..##.##....#####.......#..h..#...
#.##.##.##.......###.#####.### #.
#.##.##.##.####..#.....#8.5.8# .
#.......#...####h#.#.#.#..lu.#
####.##..#)#.###5l..#.....8.....⌠
....◑..>.)).....@# #.#.#.[...#.⌠.
####.##..#.#.###.# ...#8...8#...
##.##.#...## #.###.#####.### #.
##...#.##.#####.......# ... .
##......##.§§§§).......# ..
..<.....####§§§..#####.....
##.....## #§###.# #.......####§#
#.# #..........§§# #..


You could see a black bear, a wyvern and a white imp.

Vanquished Creatures
  Pikel (D:6)
  An ugly thing (D:7)
  Joseph (D:7)
  A vampire (D:7)
  2 water moccasins
  An orc warrior (D:6)
  3 black bears
  2 phantoms
  A bullfrog (D:6)
  2 scorpions
  2 hounds
  2 jellies
  Ijyb (D:4)
  3 sleepcaps
  2 iguanas
  An orc wizard (D:6)
  Robin (D:4)
  8 adders
  8 gnolls
  2 white imps
  2 worms
  2 dart slugs
  21 orcs
  7 ball pythons
  6 endoplasms
  7 giant cockroaches
  12 goblins
  14 hobgoblins
  3 jackals (D:3)
  5 quokkas
  2 bats
  6 frilled lizards
  4 kobolds
  7 rats
143 creatures vanquished.

Notes
Turn   | Place    | Note
-------+----------+-------------------------------------------
     0 | D:1      | Gargoyl the Gargoyle Berserker began the quest for the Orb.
     0 | D:1      | Reached XP level 1. HP: 14/14 MP: 1/1
    89 | D:1      | Reached skill level 3 in Axes
    89 | D:1      | Reached XP level 2. HP: 7/19 MP: 2/2
   755 | D:1      | Reached XP level 3. HP: 20/24 MP: 3/3
  1235 | D:2      | Found Egras's Magic Scroll Boutique.
  1262 | D:2      | Bought a scroll of teleportation for 33 gold pieces
  1320 | D:2      | Reached XP level 4. HP: 29/29 MP: 4/4
  1580 | D:2      | Reached ** piety under Trog
  1678 | D:2      | Reached skill level 4 in Axes
  1686 | D:2      | Reached XP level 5. HP: 33/33 MP: 5/5
  2133 | D:3      | Noticed a phantom
  2177 | D:3      | Killed a phantom
  2178 | D:3      | Reached XP level 6. HP: 24/39 MP: 6/6
  2426 | D:3      | Reached *** piety under Trog
  2554 | D:3      | Noticed a water moccasin
  2562 | D:3      | Killed a water moccasin
  2563 | D:3      | Reached skill level 5 in Axes
  2565 | D:3      | Identified the ring of Wumas {rN+ Will+ Str+3}
  2832 | D:4      | Noticed Robin
  2850 | D:4      | Killed Robin
  2939 | D:4      | Noticed a black bear
  2946 | D:4      | Killed a black bear
  2947 | D:4      | Reached XP level 7. HP: 44/44 MP: 7/7
  2981 | D:4      | Found a glowing silver altar of Zin.
  3009 | D:4      | Reached skill level 5 in Fighting
  3089 | D:4      | Noticed Ijyb
  3098 | D:4      | Killed Ijyb
  3419 | D:4      | Identified the +4 spear of Cocev {freeze, Int-5 Dex+5}
  3571 | D:5      | Entered Level 5 of the Dungeon
  3693 | D:5      | Found a sparkling altar of Nemelex Xobeh.
  4123 | D:5      | Reached skill level 6 in Axes
  4123 | D:5      | Reached skill level 1 in Stealth
  4144 | D:5      | Reached skill level 5 in Armour
  4144 | D:5      | Reached XP level 8. HP: 48/50 MP: 8/8
  4527 | D:5      | Gained mutation: Your large and strong wings let you fly.
                  | [potion of mutation]
  4527 | D:5      | Gained mutation: You occasionally lose the ability to drink
                  | potions when taking damage. [potion of mutation]
  4527 | D:5      | Gained mutation: You have a pair of small antennae on your
                  | head. [potion of mutation]
  4528 | D:5      | Lost mutation: You occasionally lose the ability to drink
                  | potions when taking damage. [potion of mutation]
  4528 | D:5      | Lost mutation: You have a pair of small antennae on your
                  | head. [potion of mutation]
  4528 | D:5      | Gained mutation: You possess an exceptional clarity of
                  | mind. [potion of mutation]
  4528 | D:5      | Gained mutation: You are partially covered in large bone
                  | plates. (SH +4) [potion of mutation]
  4630 | D:6      | Found a sacrificial altar of Ru.
  4743 | D:6      | Found a blossoming altar of Fedhas.
  4880 | D:6      | Found an ornate altar of the Wu Jian Council.
  4907 | D:6      | Noticed Pikel
  4917 | D:6      | Killed Pikel
  4918 | D:6      | Reached skill level 7 in Axes
  5116 | D:6      | Identified the +0 scale mail "Caref" {rN+ Will+}
  5150 | D:6      | Reached skill level 1 in Shields
  5307 | D:6      | Found a hazy altar of Hepliaklqana.
  5344 | D:6      | Found a staircase to the Ecumenical Temple.
  5575 | D:7      | Reached XP level 9. HP: 46/56 MP: 9/9
  5789 | D:7      | Noticed Joseph
  5813 | D:7      | Killed Joseph
  5814 | D:7      | Reached skill level 8 in Axes
  6110 | D:7      | Noticed a green ugly thing
  6295 | D:7      | Found a snail-covered altar of Cheibriados.
  6370 | D:7      | Killed a green ugly thing
  6371 | D:7      | Reached skill level 1 in Long Blades
  6372 | D:7      | Killed from afar by a white imp

Illustrated notes

Levels and vault maps discovered:
D:1:      kilobyte_arrival_exit_the_forest, layout_loops_corners
D:2:      minmay_diamond_boxcup, layout_rooms, serial_shops, shop,
          nicolae_titane
D:3:      layout_basic
D:4:      layout_basic, kennysheep_little_box, uniq_robin, uniq_ijyb
D:5:      layout_basic, mainiacjoe_overflow_alcove_2, kennysheep_small_circle
D:6:      layout_gridville, mainiacjoe_overflow_boulevard,
          mainiacjoe_overflow_24_doors, nzn_hepliaklqana_mist_gate,
          nzn_wu_jian_council_hall, minmay_temple_entry_glassed_door,
          nicolae_underground_beach, uniq_pikel
D:7:      layout_loops_ring, lemuel_coloured_pillars_altar,
          minmay_chambers_of_fives, uniq_joseph

Skill      XL: |  1  2  3  4  5  6  7  8  9 |
---------------+----------------------------+-----
Axes           | 3 4 5 6 7 8 |  8.4
Fighting       | 4 5 6 7 |  7.5
Dodging        | 2 |  2.9
Armour         | 3 4 5 6 |  6.7
Stealth        | 1 |  1.5
Shields        | 1 2 |  2.7
Long Blades    | 1 |  1.6

Action                     |  1- 3 |  4- 6 |  7- 9 || total
---------------------------+-------+-------+-------++-------
  Melee: Hand axe          |   107 |   233 |   245 ||   585
         Punch             |       |     2 |     3 ||     5
         Long sword        |       |       |    56 ||    56
 Invoke: Berserk           |     1 |     3 |     9 ||    13
         Trog's Hand       |       |       |     2 ||     2
    Use: Scroll            |     4 |     8 |     7 ||    19
         Potion            |       |       |     2 ||     2
 Armour: Animal skin       |     8 |       |       ||     8
         Chain mail        |    54 |   196 |    95 ||   345
         Scale mail        |       |       |   112 ||   112
  Dodge: Dodged            |    57 |   131 |   174 ||   362
  Block: Other             |       |       |    53 ||    53

Table legend: (Time is in decaauts)
 A = Elapsed time spent in this place.
 B = Non-inter-level travel time spent in this place.
 C = Inter-level travel time spent in this place.
 D = Time resting spent in this place.
 E = Time spent auto-exploring this place.
 F = Levels seen in this place.
 G = Mean time per level.
                   A        B        C        D        E       F      G
               +--------+--------+--------+--------+--------+-----+--------+
         Total |   6525 |   6344 |    181 |    166 |   4564 |   7 |  932.1 |
       Dungeon |   6525 |   6344 |    181 |    166 |   4564 |   7 |  932.1 |
               +--------+--------+--------+--------+--------+-----+--------+

Top non-repeatable levels by time:
     D:1: 1367 daAuts
     D:6: 1004 daAuts
     D:5: 1001 daAuts
     D:7: 854 daAuts
     D:3: 838 daAuts
     D:4: 766 daAuts
     D:2: 694 daAuts
